 Dungeon Crawl Stone Soup version 0.31.0-1-g2c135a0 (webtiles) character file.

Game seed: 5458194117724613725

5677 malesh the Basher (level 10, -10/110 HPs)
             Began as an Oni Berserker on Mar 29, 2024.
             Was an Elder of Trog.
             Mangled by a death yak (17 damage)
             ... on level 7 of the Dungeon.
             The game lasted 00:26:56 (7311 turns).

malesh the Basher (Oni Berserker)                   Turns: 7311, Time: 00:26:56

Health: -10/110    AC:  8    Str: 23    XL:     10   Next: 75%
Magic:  10/10      EV: 12    Int:  8    God:    Trog [****..]
Gold:   341        SH:  0    Dex: 12    Spells: 9/9 levels left

rFire   . . .        v - +1 flail (protect)
rCold   . . .        (no shield)
rNeg    . . .        b - +0 animal skin
rPois   .            f - +2 hat
rElec   .            m - +2 cloak
rCorr   .            (gloves unavailable)
SInv    .            (boots unavailable)
Will    +....        (no amulet)
Stlth   ++           (no ring)
HPRegen 0.38/turn    (no ring)
MPRegen 0.12/turn

%: no passive effects
@: no status effects
A: large, unfitting armour, horns 1, tough skin 1, double potion healing,
drunken brawling
a: Renounce Religion, Berserk, Trog's Hand, Brothers in Arms


You were on level 7 of the Dungeon.
You worshipped Trog.
Trog was greatly pleased with you.
You visited 2 branches of the dungeon, and saw 9 of its levels.
You also visited: Ossuary.

You collected 341 gold pieces.

Inventory:

Hand Weapons
 v - a +1 flail of protection (weapon)
 L - a +5 antimagic dire flail
Armour
 b - a +0 animal skin (worn)
 f - a +2 hat (worn)
 m - a +2 cloak (worn)
 G - an orb of mayhem
 K - the +18 shield of the Gong {Loud rN+ Will+ rCorr EV-5}
   (You took it off a kobold brigand on level 7 of the Dungeon)

   Loud:      It is deafeningly noisy when blocking attacks.
   EV-5:      It affects your evasion (-5).
   rN+:       It protects you from negative energy.
   Will+:     It increases your willpower.
   rCorr:     It protects you from acid and corrosion.
Jewellery
 H - the ring "Owigg" {rElec rPois EV+5 Str-5 Dex+5}
   (You found it on level 7 of the Dungeon)

   [ring of evasion]

   EV+5:      It affects your evasion (+5).
   Str-5:     It affects your strength (-5).
   Dex+5:     It affects your dexterity (+5).
   rElec:     It insulates you from electricity.
   rPois:     It protects you from poison
Talismans
 C - a dragon-blood talisman
Wands
 p - a wand of charming (9)
 B - a wand of iceblast (8)
Scrolls
 c - a scroll of silence {unknown}
 d - 2 scrolls of fog
 g - 4 scrolls of teleportation
 j - a scroll of enchant weapon
 l - 2 scrolls of revelation
 o - a scroll of poison
 t - a scroll of brand weapon {unknown}
 w - a scroll of noise {unknown}
 x - a scroll of immolation {unknown}
 y - 2 scrolls of blinking
 z - a scroll of vulnerability {unknown}
 D - 2 scrolls of fear {unknown}
 E - 2 scrolls of identify
Potions
 a - a potion of enlightenment {unknown}
 e - 4 potions of heal wounds
 h - 2 potions of lignification {unknown}
 i - 2 potions of curing {unknown}
 k - a potion of cancellation {unknown}
 n - a potion of magic {unknown}
 q - a potion of mutation {unknown}
 r - 2 potions of brilliance {unknown}
 s - 4 potions of haste {unknown}
 u - a potion of resistance {unknown}
 A - a potion of attraction {unknown}
 F - 2 potions of might {unknown}
Miscellaneous
 I - a sack of spiders
 J - a phantom mirror


   Skills:
 + Level 10.1 Fighting
 + Level 11.8 Maces & Flails
 + Level 7.1 Dodging
 + Level 3.0 Stealth


You had 9 spell levels left.
You didn't know any spells.
Your spell library was empty.

Dungeon Overview and Level Annotations

Branches:
Dungeon (8/15)             Temple (1/1) D:4            Lair (0/5) D:8
Ossuary (visited)

Altars:
Ashenzari
Cheibriados
Dithmenos
Elyvilon
Gozag
Hepliaklqana
Kikubaaqudgha
Makhleb
Qazlal
Ru
Sif Muna
Trog
Uskayaw
Vehumet
Xom
Yredelemnul
Zin
The Shining One

Shops:
D:5 *   D:6 (

Portals:
Abyss: D:3

Annotations:
D:3 2 transporters, MuseOD's ghost, amateur MfSh


Innate Abilities, Weirdness & Mutations

You are too large for most types of armour.
You have a pair of small horns on your head.
You have tough skin. (AC +1)
You gain doubled healing and magic from potions.
Whenever you drink a healing potion, you attack all around you.


Message History

g - Guard the area. f - Follow me.
Anything else - Cancel.
You shout for attention!
Done exploring.
What are your orders? t - Shout!
Orders for allies: a - Attack new target. r - Retreat! s - Stop attacking. g - Guard the area. f - Follow me.
Anything else - Cancel.
You shout for attention!
Done exploring.
There is a stone staircase leading down, spattered with blood here.
You climb downwards.
The death yak closely misses you. The death yak gores you!!
The death yak bellows!
There is a stone staircase leading up, spattered with blood here.
The death yak misses you. The death yak closely misses you.
You climb upwards.
There is a stone staircase leading down, spattered with blood here.
Unknown command.
The death yak gores you!
The death yak attacks as it pursues you!
The death yak barely misses you.
The death yak attacks as it pursues you!
The death yak gores you! The death yak gores you!
The death yak attacks as it pursues you!
The death yak gores you!
The death yak attacks as it pursues you!
The death yak closely misses you.
The death yak attacks as it pursues you!
The death yak gores you!!
* * * LOW HITPOINT WARNING * * *
The death yak attacks as it pursues you!
The death yak gores you!
* * * LOW HITPOINT WARNING * * *
The death yak attacks as it pursues you!
The death yak gores you!
You die...

.......#....#.........#...##.....
.......#....#.........#...##.....
.......#....#.........#...#......
.......#....#.........#...#.<....
.......#....#.........#...#......
####'######'#.........###########
.................................
..............Y..................
...............Y@................
.............#######'#...........
.............#.......#.....).....
######...>...#.......#......)....
.....#.......#.......#...........
.....#.......#.......#.....######
.....#.......'...................
...#+#.......#..#####'#########'#
.............#..##^.##..###...#.#


You could see 2 death yaks.

Vanquished Creatures
  A two-headed ogre (D:6)
  A death yak (D:7)
  A deep elf pyromancer (D:7)
  Maurice (D:7)
  Jeremiah (D:7)
  A vampire (D:7)
  2 steam dragons (D:7)
  Edmund (D:5)
  Duvessa (D:5)
  An acid dragon (D:7)
  An ice beast (D:6)
  A sky beast (D:6)
  2 black bears
  An orc warrior (D:7)
  6 centaurs
  2 ogres
  A kobold brigand (D:7)
  Blork the orc (D:5)
  A gnoll sergeant (D:7)
  3 bullfrogs (D:7)
  2 scorpions
  Dowan (D:5)
  5 howler monkeys
  2 bombardier beetles
  2 centaur zombies (Ossuary)
  2 hounds
  A jelly (D:7)
  An orc priest (D:5)
  Crazy Yiuf (D:7)
  A sleepcap (D:5)
  6 orc wizards
  2 iguanas
  A hell rat (D:7)
  4 crocodile zombies (Ossuary)
  3 mummies (Ossuary)
  3 gnolls (D:7)
  5 adders
  A river rat (D:7)
  2 shadow imps
  A white imp (D:7)
  2 ufetubi (D:7)
  5 dart slugs
  A ribbon worm (D:5)
  25 orcs
  5 ball pythons
  9 endoplasms
  9 goblins
  7 hobgoblins
  2 jackals (D:3)
  3 kobolds
  5 quokkas
  4 bats
  4 frilled lizards
  2 gnoll zombies (Ossuary)
  6 rats
  A spectral hobgoblin (D:3)
166 creatures vanquished.

Notes
Turn   | Place    | Note
-------+----------+-------------------------------------------
     0 | D:1      | malesh the Oni Berserker began the quest for the Orb.
     0 | D:1      | Reached XP level 1. HP: 24/24 MP: 1/1
    68 | D:1      | Reached XP level 2. HP: 14/32 MP: 2/2
   468 | D:1      | Reached XP level 3. HP: 40/40 MP: 3/3
   478 | D:1      | Reached ** piety under Trog
   870 | D:2      | Reached skill level 4 in Maces & Flails
   876 | D:2      | Reached XP level 4. HP: 34/49 MP: 4/4
  1629 | D:3      | Found a transporter.
  1630 | D:3      | Noticed MuseOD's ghost (amateur MfSh)
  1640 | D:3      | Noticed a toenail golem
  1662 | D:3      | Found a transporter.
  1683 | D:3      | Found a one-way gate to the infinite horrors of the Abyss.
  1753 | D:3      | Found a faded altar of an unknown god.
  1843 | D:4      | Reached XP level 5. HP: 54/55 MP: 5/5
  1995 | D:4      | Reached skill level 5 in Fighting
  2060 | D:4      | Found a staircase to the Ecumenical Temple.
  2072 | Temple   | Found a transporter.
  2072 | Temple   | Found a transporter.
  2072 | Temple   | Found a transporter.
  2072 | Temple   | Found a transporter.
  2072 | Temple   | Entered the Ecumenical Temple
  2159 | D:4      | Found a sand-covered staircase.
  2164 | Ossuary  | Entered an ossuary
  2241 | Ossuary  | Reached *** piety under Trog
  2242 | Ossuary  | Reached skill level 5 in Maces & Flails
  2263 | Ossuary  | Reached XP level 6. HP: 66/66 MP: 6/6
  2765 | D:5      | Entered Level 5 of the Dungeon
  2767 | D:5      | Noticed Edmund
  2780 | D:5      | Killed Edmund
  2781 | D:5      | Reached skill level 6 in Maces & Flails
  2781 | D:5      | Reached XP level 7. HP: 72/72 MP: 7/7
  2948 | D:5      | Noticed Duvessa
  2948 | D:5      | Noticed Dowan
  2957 | D:5      | Killed Duvessa
  2962 | D:5      | Killed Dowan
  3071 | D:5      | Noticed Blork the orc
  3085 | D:5      | Killed Blork the orc
  3086 | D:5      | Reached skill level 7 in Maces & Flails
  3176 | D:5      | Found Qudoip's Assorted Antiques.
  3227 | D:5      | Reached XP level 8. HP: 80/83 MP: 8/8
  3700 | D:5      | Reached skill level 1 in Stealth
  4144 | D:6      | Found a white marble altar of Elyvilon.
  4244 | D:6      | Reached skill level 8 in Maces & Flails
  4244 | D:6      | Reached skill level 5 in Dodging
  4357 | D:6      | Found a broken altar of Ashenzari.
  4844 | D:6      | Reached XP level 9. HP: 92/93 MP: 9/9
  4921 | D:6      | Found Moarem's Weapon Boutique.
  5214 | D:7      | Noticed Maurice
  5219 | D:7      | Maurice stole a dragon-blood talisman
  5220 | D:7      | Maurice stole 279 gold
  5224 | D:7      | Killed Maurice
  5225 | D:7      | Reached skill level 9 in Maces & Flails
  5672 | D:7      | Found a runed translucent door.
  5673 | D:7      | Noticed Crazy Yiuf
  5749 | D:7      | Found a shimmering blue altar of Sif Muna.
  5785 | D:7      | Reached **** piety under Trog
  5898 | D:7      | Noticed a deep elf pyromancer
  5908 | D:7      | Reached skill level 10 in Maces & Flails
  5911 | D:7      | Noticed a cyclops
  5912 | D:7      | Killed a deep elf pyromancer
  5916 | D:7      | Reached XP level 10. HP: 106/106 MP: 10/10
  5999 | D:7      | Noticed a two-headed ogre
  6019 | D:6      | Killed a two-headed ogre
  6020 | D:6      | Reached skill level 11 in Maces & Flails
  6213 | D:7      | Noticed Jeremiah
  6228 | D:7      | Killed Jeremiah
  6443 | D:7      | Identified the ring "Owigg" {rElec rPois EV+5 Str-5 Dex+5}
  6867 | D:7      | Killed Crazy Yiuf
  6931 | D:8      | Found a staircase to the Lair.
  6932 | D:8      | Noticed a death yak
  6932 | D:8      | Noticed a death yak
  6938 | D:8      | Noticed a death yak
  7037 | D:7      | Killed a death yak
  7038 | D:7      | Reached skill level 10 in Fighting
  7311 | D:7      | Mangled by a death yak

Illustrated notes

Levels and vault maps discovered:
D:1:      mrwooster_arrival_arrow, layout_basic, minmay_pentomino_r2
D:2:      layout_rooms, wad_orctagon
D:3:      layout_basic, gammafunk_ghost_abyssal_escape,
          dreamdust_ecumenical_altar_drowned_temple
D:4:      layout_loops_cross, minmay_temple_entry_large_hall, enter_ossuary_2
D:5:      layout_layer_cave, serial_shops, nicolae_shop_tiny_waterfront,
          serial_glass, glass_columns_b, glass_columns_a, feat_on_display,
          minmay_strange_pillars, nicolae_underground_beach, uniq_duvessa,
          uniq_edmund, uniq_blork_the_orc
D:6:      layout_loops_corners, ashenzari_conservatory_becter, elyvilon_altar_4,
          serial_shops, nicolae_shop_window_shopping, minmay_stone_trees_small
D:7:      layout_gridville, mainiacjoe_overflow_tiny_flanked, minmay_holes,
          minmay_the_grid_2x2 [minmay_the_grid_odd_star,
          minmay_the_grid_stretched_grid, minmay_the_grid_outer_diamond,
          minmay_the_grid_prize_four_corners_diamond_a], uniq_maurice,
          uniq_jeremiah, uniq_crazy_yiuf_cottage
D:8:      layout_loops_corners, dpeg_lair_monsters, ebering_ghost_disaster_area
Temple:   hellmonk_temple_divided_pantheon

Skill      XL: |  1  2  3  4  5  6  7  8  9 10 |
---------------+-------------------------------+-----
Dodging        | 3 4 5 6 7 |  7.1
Maces & Flails | 4 5 6 7 8 10 11 | 11.8
Fighting       | 5 6 7 8 10 | 10.1
Stealth        | 1 2 3 |  3.0

Action                     |  1- 3 |  4- 6 |  7- 9 | 10-12 || total
---------------------------+-------+-------+-------+-------++-------
  Melee: Mace              |    95 |   123 |       |       ||   218
         Headbutt          |     7 |    22 |    49 |    25 ||   103
         Punch             |     2 |     1 |       |     1 ||     4
         Flail             |       |       |   245 |   145 ||   390
 Invoke: Berserk           |       |     2 |     4 |     5 ||    11
    Use: Scroll            |     2 |     6 |       |     1 ||     9
   Stab: Sleeping          |     1 |       |     1 |       ||     2
 Armour: Animal skin       |    59 |    88 |   205 |   110 ||   462
  Dodge: Dodged            |    63 |    74 |   130 |    89 ||   356
